AoeStats
← rookister

Black Forest

507585945Analyzed
4v4 RM · 12d ago on Sep 18, 2026· 65m 52s· 8 players
Game mode
Random Map
Map size
Large (8 player)
Population
200
Speed
Normal
Resources
Standard
Victory
Conquest
Starting age
Dark Age
Ending age
Imperial Age
RankedLock teamsTeams togetherTeam positionsShared explorationLock speedFull tech treeHidden civsTurbo modeCheats
Victory
Defeat
🇵🇰 Aztecs · Pakistan
1104
+8
🇦🇷 Teutons · Argentina
1007
+12
🇵🇰 Inca · Pakistan
982
+13
🇵🇰 Franks · Pakistan
799
+20
🇲🇽 Gurjaras · Mexico
958
-15
🇷🇴 Slavs · Romania
920
-14
🇬🇧 Franks · United Kingdom
891
-12
🇬🇧 Portuguese · United Kingdom
870
-12
dpiddock77
0:29 Loom
13:58 Feudal Age
21:56 Wheelbarrow
23:33 Castle Age
22:54 Double-Bit Axe
35:59 Imperial Age
33:36 Pikeman
37:42 Chemistry
42:15 Hand Cart
52:39 Onager
52:51 Light Cavalry
54:52 Bloodlines
Leszko1
0:28 Loom
24:23 Feudal Age
26:08 Double-Bit Axe
quiquito45
0:44 Loom
11:53 Feudal Age
18:27 Castle Age
16:58 Double-Bit Axe
17:06 Stone Mining
17:11 Gold Mining
19:49 Stone Shaft Mining
19:29 Bow Saw
20:28 Wheelbarrow
21:45 Hand Cart
28:04 Horse Collar
29:18 Gold Shaft Mining
28:53 Heavy Plow
35:27 Imperial Age
33:35 Fletching
33:45 Padded Archer Armor
34:49 Fortified Wall
34:35 Murder Holes
35:01 Ballistics
34:40 Bodkin Arrow
34:46 Padded Archer Armor
36:00 Leather Archer Armor
35:56 Forging
35:46 Scale Mail Armor
35:52 Scale Barding Armor
36:46 Chain Mail Armor
37:05 Thumb Ring
38:24 Caravan
39:01 Bracer
41:20 Iron Casting
41:59 Chemistry
41:21 Elite Elephant Archer
43:49 Conscription
47:16 Kshatriyas
47:52 Chain Barding Armor
48:00 Heavy Camel Rider
48:41 Husbandry
50:38 Plate Barding Armor
54:42 Elite Skirmisher
56:33 Light Cavalry
57:24 Bloodlines
57:42 Hussar
Veni Vidi Avicii 2
7:53 Loom
12:27 Feudal Age
19:21 Castle Age
19:16 Horse Collar
19:25 Double-Bit Axe
19:35 Stone Mining
20:38 Wheelbarrow
19:49 Town Watch
20:54 Bow Saw
26:56 Hand Cart
29:08 Heavy Plow
30:23 Gold Mining
32:37 Gold Shaft Mining
32:39 Forging
32:29 Scale Mail Armor
32:35 Scale Barding Armor
32:31 Padded Archer Armor
32:21 Fletching
35:27 Imperial Age
34:26 Iron Casting
34:06 Chain Mail Armor
34:27 Coinage
33:25 Man-at-Arms
34:11 Squires
33:35 Pikeman
34:18 Husbandry
33:39 Light Cavalry
35:01 Masonry
34:48 Murder Holes
35:04 Fortified Wall
35:08 Bloodlines
34:21 Long Swordsman
35:47 Ballistics
35:34 Bodkin Arrow
37:02 Crop Rotation
37:35 Two-Man Saw
36:26 Two-Handed Swordsman
38:28 Blast Furnace
37:59 Plate Mail Armor
38:41 Plate Mail Armor
37:53 Champion
40:32 Conscription
39:46 Sappers
40:51 Hoardings
43:16 Halberdier
48:38 Druzhina
49:11 Capped Ram
Chkn
0:36 Loom
28:37 Feudal Age
29:33 Town Watch
32:58 Castle Age
32:41 Double-Bit Axe
36:52 Redemption
45:03 Imperial Age
51:24 Forging
51:15 Scale Mail Armor
52:47 Iron Casting
52:27 Chain Mail Armor
51:45 Elite Jaguar Warrior
53:45 Plate Mail Armor
55:07 Blast Furnace
54:46 Horse Collar
60:03 Town Patrol
stink
0:26 Loom
13:17 Feudal Age
17:44 Castle Age
16:33 Double-Bit Axe
16:44 Horse Collar
25:56 Bow Saw
27:09 Heavy Plow
27:06 Gold Mining
33:35 Imperial Age
31:57 Scale Mail Armor
32:08 Forging
33:14 Chain Mail Armor
33:04 Squires
32:49 Arson
34:36 Gold Shaft Mining
33:57 Stone Mining
34:48 Wheelbarrow
36:59 Plate Mail Armor
37:05 Iron Casting
37:13 Crop Rotation
38:13 Elite Kamayuk
39:58 Blast Furnace
41:03 Fabric Shields
43:10 Conscription
43:17 Fletching
44:35 Chemistry
43:54 Andean Sling
46:18 Bodkin Arrow
49:58 Thumb Ring
56:51 Caravan
yeSenpai
8:54 Loom
14:29 Feudal Age
18:12 Castle Age
24:18 Forging
23:54 Double-Bit Axe
23:50 Horse Collar
25:52 Bow Saw
30:13 Iron Casting
29:38 Scale Mail Armor
32:18 Chain Mail Armor
35:48 Scale Barding Armor
37:36 Arson
37:52 Squires
40:43 Chain Barding Armor
42:56 Fletching
43:06 Padded Archer Armor
44:54 Bloodlines
47:17 Imperial Age
45:23 Wheelbarrow
47:22 Cavalier
49:20 Blast Furnace
48:51 Plate Mail Armor
48:59 Plate Barding Armor
49:02 Elite Teutonic Knight
50:24 Hoardings
49:35 Paladin
51:18 Gold Mining
52:15 Heavy Plow
53:16 Two-Man Saw
53:03 Plate Mail Armor
52:25 Fletching
rookister
8:45 Loom
10:35 Feudal Age
15:08 Castle Age
15:21 Double-Bit Axe
17:59 Forging
19:03 Husbandry
21:39 Scale Barding Armor
25:24 Iron Casting
26:13 Chain Barding Armor
42:33 Imperial Age
43:10 Wheelbarrow
43:46 Cavalier
48:21 Plate Barding Armor
48:47 Blast Furnace
47:20 Paladin
48:31 Hand Cart
Connection lost

Rejoining the realm…

Still unreachable

The connection could not be restored.

Session expired

The server has moved on; the page needs a fresh start.